 Dungeon Crawl Stone Soup version 0.30.0-30-g96aa6591b8 (webtiles) character file.

Game seed: 220395839593589706

4841 cheesebisquit the Fighter (level 10, -8/78 HPs)
             Began as a Djinni Ice Elementalist on June 29, 2023.
             Was a Follower of Elyvilon.
             Mangled by a skeletal warrior
             ... wielding a +0 trident
              (25 damage)
             ... on level 7 of the Dungeon.
             The game lasted 00:31:35 (8804 turns).

cheesebisquit the Fighter (Djinni Ice Elementalist) Turns: 8804, Time: 00:31:36

Health: -8/78      AC:  7    Str:  7    XL:     10   Next: 78%
Gold:   55         EV: 13    Int: 22    God:    Elyvilon [*.....] SH:  0 Dex: 13

rFire   + + +        F - +1 shortbow of Infinity {elec, Will++}
rCold   x x .        (shield currently unavailable)
rNeg    . . .        m - +2 leather armour {rPois}
rPois   ∞            D - +0 helmet
rElec   .            (no cloak)
rCorr   .            a - +0 pair of gloves
SInv    .            (boots unavailable)
Will    +++..        o - amulet of the acrobat
Stlth   ++           s - ring of fire
HPRegen 0.33/turn    (no ring)
MPRegen 0.00/turn

%: acrobat, infuse magic (-9 HP)
@: sluggish, flying, very slow
A: sickness immunity, fire resistance 2, cold vulnerability 1, float, innate
caster, HP casting, extra vitality 1
a: Renounce Religion, Purification


You were on level 7 of the Dungeon.
You worshipped Elyvilon.
Elyvilon was aware of your devotion.
You visited 2 branches of the dungeon, and saw 9 of its levels.

You collected 272 gold pieces.
You spent 217 gold pieces at shops.

Inventory:

Hand Weapons
 y - a +2 morningstar of holy wrath
 F - the +1 shortbow of Infinity (weapon) {elec, Will++}
   (You found it on level 7 of the Dungeon)

   Will:      It greatly increases your willpower.
 G - a +5 mace of protection
Armour
 a - a +0 pair of gloves (worn)
 m - a +2 leather armour of poison resistance (worn)
 D - a +0 helmet (worn)
Jewellery
 o - an amulet of the acrobat (around neck)
 s - a ring of fire (left hand)
 u - a +5 ring of evasion
Wands
 i - a wand of acid (14)
 r - a wand of roots (14)
 t - a wand of mindburst (18)
 w - a wand of flame (9)
Scrolls
 b - a scroll of noise {unknown}
 f - 6 scrolls of teleportation
 j - 2 scrolls of magic mapping
 n - a scroll of fear
 p - a scroll of immolation
 q - 2 scrolls of enchant armour {unknown}
 v - a scroll of poison {unknown}
 x - 2 scrolls of vulnerability {unknown}
 A - a scroll of amnesia {unknown}
 C - a scroll of identify
Potions
 c - a potion of flight {unknown}
 d - 3 potions of lignification
 e - 2 potions of resistance
 g - 4 potions of curing
 h - 3 potions of mutation
 k - a potion of ambrosia
 z - 3 potions of magic {unknown}
 B - a potion of haste {unknown}
Miscellaneous
 E - a lightning rod (4/4)


   Skills:
 + Level 9.3 Fighting
 + Level 6.0 Dodging
 - Level 1.5 Stealth
 + Level 8.0 Spellcasting
 + Level 4.9 Invocations


You knew the following spells:

 Your Spells              Type           Power      Damage    Failure   Level
a - Freeze                Ice            100%       1d10      1%          1
b - Frozen Ramparts       Ice            88%        1d14      1%          3
c - Ozocubu's Armour      Ice            44%        N/A       1%          3
d - Summon Ice Beast      Ice/Summ       44%        N/A       4%          4
e - Foxfire               Conj/Fire      100%       2x1d9     1%          1
f - Static Discharge      Conj/Air       88%        2-6/arc   1%          2
g - Inner Flame           Hex/Fire       60%        N/A       1%          3
h - Swiftness             Air            44%        N/A       1%          3
Your spell library was empty.

Dungeon Overview and Level Annotations

Branches:
Dungeon (8/15)             Temple (1/1) D:6
   Lair: D:8-11

Altars:
Ashenzari
Cheibriados
Dithmenos
Elyvilon
Fedhas
Gozag
Hepliaklqana
Makhleb
Nemelex Xobeh
Okawaru
Qazlal
Ru
Trog
Uskayaw
Wu Jian
Xom
Yredelemnul
Zin
The Shining One

Shops:
D:3 (   D:4 *   D:5 *

Annotations:
D:3 2 transporters, woowoo's ghost, amateur KoBr


Innate Abilities, Weirdness & Mutations

You are immune to sickness and miasma.
You are immune to poison.
Your flesh is very heat resistant. (rF++)
You are vulnerable to cold. (rC-)
You float through the air rather than walking.
You learn spells naturally, not from books.
Your magical power is your life essence.
You have superior vitality. (+4 MHP)


Message History

The skeletal warrior hits you from afar with a +0 trident!
* * * LOW HITPOINT WARNING * * *
Your ice beast hits the skeletal warrior but does no damage.
Okay, then.
You fade into invisibility!
The skeletal warrior hits you from afar with a +0 trident!!
* * * LOW HITPOINT WARNING * * *
Your ice beast hits the skeletal warrior but does no damage.
Your icy armour will break if you move.
Continue?
Your icy armour cracks and falls away as you move.
Your ice beast hits the skeletal warrior but does no damage.
The skeletal warrior hits your ice beast with a +0 trident!
Your ice beast hits the skeletal warrior but does no damage.
Something hits your ice beast!
There is a stone staircase leading down here.
You fly downwards.
You hear the roar of battle.
There is an entrance to a bailey on this level.
Hurry and find it before the portal closes forever!
Found 17 gold pieces.
There is a stone staircase leading up here.
You start resting.
You flicker for a moment.
You start resting.
You flicker back into view.
You start resting.
An orc warrior comes into view. It is wielding a +0 dire flail.
You fly upwards.
There is a stone staircase leading down here.
Casting: Ozocubu's Armour (safe; 1% risk of failure)
Confirm with . or Enter, or press ? or * to list all spells.
You feel quick.
* * * LOW HITPOINT WARNING * * *
The skeletal warrior hits you from afar with a +0 trident!
* * * LOW HITPOINT WARNING * * *
You start to feel a little slower.
You feel sluggish.
You start to feel a little faster.
There is a stone staircase leading up here.
The skeletal warrior hits you from afar with a +0 trident!!
You die...

#......##..###...................
##.#######.# ###....###(..#####..
##.# #.## ##...#).###...###.#
#..# #..# #....#[#..###.....#
#.#########.# #.#.)#)###..###....
..#.........###.#..#)..###..###..
.##................#.#...###..###
.##..........##[...#.#...[.###..#
.##.######......@..#.#....###.#..
.##..### ##........#.#..####..###
.##....####.....z..#.######...# #
.##.##.............#####..#...# #
###.##.............# #..).###.# #
.##.##..#..#.......#....#:.)#.# #
.##................###..###:..# #
.#...##.#.####.#...##### ##|.# #
...#.#....# #.....#..# ##.# #


You could see a skeletal warrior.

Vanquished Creatures
  Pikel (D:5)
  A cyclops (D:7)
  Joseph (D:7)
  2 trolls (D:7)
  A slime creature (D:7)
  Eustachio (D:6)
  A vampire mosquito (D:7)
  A steam dragon (D:7)
  An acid dragon (D:7)
  2 water moccasins (D:7)
  2 orc warriors
  2 black bears (D:7)
  A sky beast (D:7)
  2 ice beasts
  An ogre (D:7)
  3 centaurs
  3 bullfrogs
  2 scorpions
  2 wights (D:7)
  2 jellies (D:6)
  5 orc priests
  6 hounds
  2 gnoll boudas (D:7)
  2 sleepcaps
  Natasha (thrice) (D:3)
  3 orc wizards
  7 gnolls
  8 adders
  2 shadow imps
  2 worms (D:4)
  3 dart slugs
  18 orcs
  6 ball pythons
  2 bats
  5 endoplasms
  2 giant cockroaches
  5 goblins
  2 hobgoblins (D:4)
  13 jackals
  7 kobolds
  4 quokkas
  2 frilled lizards
  7 rats
148 creatures vanquished.

Vanquished Creatures (collateral kills)
  A yak (D:7)
1 creature vanquished.

Vanquished Creatures (others)
  89 foxfires
89 creatures vanquished.

Grand Total: 238 creatures vanquished

Notes
Turn   | Place    | Note
-------+----------+-------------------------------------------
     0 | D:1      | cheesebisquit the Djinni Ice Elementalist began the quest
                  | for the Orb.
     0 | D:1      | cheesebisquit set off with the following spells memorised:
                  | Freeze, Frozen Ramparts, Ozocubu's Armour, Summon Ice
                  | Beast.
     0 | D:1      | Reached XP level 1. HP: 15/15 MP: 0/0
    68 | D:1      | Reached XP level 2. HP: 14/22 MP: 0/0
    71 | D:1      | Reached skill level 1 in Fighting
   553 | D:1      | Found a faded altar of an unknown god.
   659 | D:1      | Reached XP level 3. HP: 26/27 MP: 0/0
   659 | D:1      | Learned a level 1 spell: Foxfire
  1102 | D:2      | Reached skill level 2 in Fighting
  1178 | D:2      | Reached XP level 4. HP: 28/33 MP: 0/0
  1263 | D:2      | Found a white marble altar of Elyvilon.
  1725 | D:3      | Found Danuli's Weapon Boutique.
  1984 | D:3      | Noticed Natasha
  1996 | D:3      | Killed Natasha
  2088 | D:3      | Reached XP level 5. HP: 25/40 MP: 0/0
  2088 | D:3      | Learned a level 2 spell: Static Discharge
  2090 | D:3      | Reached skill level 3 in Fighting
  2102 | D:3      | Noticed Natasha
  2105 | D:3      | Killed Natasha
  2353 | D:3      | Found a transporter.
  2374 | D:3      | Noticed woowoo's ghost (amateur KoBr)
  2457 | D:3      | Reached XP level 6. HP: 39/46 MP: 0/0
  2558 | D:3      | Found a transporter.
  2987 | D:3      | Noticed Natasha
  2994 | D:3      | Killed Natasha
  3062 | D:4      | Reached skill level 4 in Fighting
  3157 | D:4      | Found Jajes's Elemental Accessories.
  3840 | D:5      | Entered Level 5 of the Dungeon
  3847 | D:5      | Reached XP level 7. HP: 19/53 MP: 0/0
  3847 | D:5      | Learned a level 3 spell: Inner Flame
  4149 | D:5      | Reached skill level 5 in Spellcasting
  4314 | D:5      | Reached skill level 5 in Fighting
  4372 | D:5      | Noticed Pikel
  4382 | D:5      | Killed Pikel
  4383 | D:5      | Reached skill level 6 in Fighting
  4383 | D:5      | Reached XP level 8. HP: 24/62 MP: 0/0
  4708 | D:5      | Found Mohogethrag's General Store.
  4717 | D:5      | Bought a scroll of teleportation for 45 gold pieces
  4717 | D:5      | Bought a scroll of identify for 30 gold pieces
  4717 | D:5      | Bought a scroll of identify for 30 gold pieces
  4717 | D:5      | Bought a potion of curing for 45 gold pieces
  5053 | D:2      | Became a worshipper of Elyvilon the Healer
  5173 | D:6      | Found a hazy altar of Hepliaklqana.
  5202 | D:6      | Found a staircase to the Ecumenical Temple.
  5228 | Temple   | Entered the Ecumenical Temple
  5803 | D:6      | Reached skill level 7 in Fighting
  5905 | D:6      | Reached XP level 9. HP: 24/68 MP: 0/0
  5905 | D:6      | Learned a level 3 spell: Swiftness
  6287 | D:6      | Reached * piety under Elyvilon
  6360 | D:6      | Noticed Eustachio
  6368 | D:6      | Killed Eustachio
  6485 | D:7      | Reached skill level 1 in Invocations
  6607 | D:7      | Identified the +0 buckler of Pan-Flutes {rC+}
  6676 | D:7      | Reached skill level 8 in Fighting
  6937 | D:7      | Noticed Joseph
  6951 | D:7      | Killed Joseph
  7239 | D:7      | Noticed a skeletal warrior
  7735 | D:7      | Reached XP level 10. HP: 67/77 MP: 0/0
  7966 | D:7      | Noticed a cyclops
  7968 | D:7      | Reached skill level 5 in Dodging
  7972 | D:7      | Reached skill level 9 in Fighting
  7976 | D:7      | Killed a cyclops
  8339 | D:5      | Bought a +0 pair of gloves for 67 gold pieces
  8421 | D:7      | Identified the +1 shortbow of Infinity {elec, Will++}
  8712 | D:7      | HP: 2/78 [skeletal warrior/+0 trident (20)]
  8804 | D:7      | Mangled by a skeletal warrior

Illustrated notes

Levels and vault maps discovered:
D:1:      sevenhm_arrival_forest_fort_small_6, layout_loops_ring,
          shapermc_ecumenical_altar_hornbeckon, minmay_misc_feat_plants
D:2:      layout_basic, basic_altar
D:3:      layout_basic, gammafunk_ghost_arena, serial_shops,
          nicolae_shop_hallway_stairs, guppyfry_early_lair_pool, uniq_natasha
D:4:      layout_loops_ring, grunt_decor_junction, hangedman_decor_slide_cut,
          minmay_misc_feat_diagonals, nicolae_elemental_shop
D:5:      layout_rooms, serial_shops, shop, uniq_pikel
D:6:      layout_basic, lemuel_crystal_altar, minmay_temple_entry_purple_smoke,
          uniq_eustachio
D:7:      minmay_the_grid_triangle_9x9_recursive_2
          [minmay_the_grid_triangle_9x9_prize_schism,
          minmay_the_grid_triangle_9x9_thin_v,
          minmay_the_grid_triangle_9x9_cache,
          minmay_the_grid_triangle_9x9_intruding_spiral], layout_rooms,
          chequers_decorated_corner, hex_medium, uniq_joseph
D:8:      layout_basic, grunt_lair_entry_orc_guard_hut, enter_bailey_3
Temple:   minmay_crystal_snake_temple

Skill      XL: |  1  2  3  4  5  6  7  8  9 10 |
---------------+-------------------------------+-----
Fighting       | 1 2 3 4 6 7 8 9 |  9.3
Spellcasting   | 4 6 7 8 |  8.0
Invocations    | 3 4 |  4.9
Dodging        | 4 6 |  6.0
Stealth        | |  1.5

Action                     |  1- 3 |  4- 6 |  7- 9 | 10-12 || total
---------------------------+-------+-------+-------+-------++-------
  Melee: Unarmed           |     8 |    24 |    24 |       ||    56
         Whip              |       |       |    25 |       ||    25
         Morningstar       |       |       |    22 |    14 ||    36
         Punch             |       |       |       |     1 ||     1
   Fire: Shortbow          |       |       |       |    18 ||    18
   Cast: Freeze            |    28 |    14 |    18 |    12 ||    72
         Frozen Ramparts   |     9 |    33 |    42 |    12 ||    96
         Foxfire           |     2 |    14 |    33 |     1 ||    50
         Ozocubu's Armour  |       |     6 |    11 |     5 ||    22
         Inner Flame       |       |       |     1 |       ||     1
         Summon Ice Beast  |       |       |     3 |     8 ||    11
         Swiftness         |       |       |       |     1 ||     1
    Use: Scroll            |       |     1 |     8 |       ||     9
         Potion            |       |       |     2 |     2 ||     4
 Armour: Robe              |     7 |     5 |     9 |       ||    21
         Leather armour    |       |       |    28 |    10 ||    38
  Dodge: Dodged            |    21 |    31 |    92 |    39 ||   183
